 Dungeon Crawl Stone Soup version 0.24-a0-500-g46574c2197 (webtiles) character file.

Game seed: 4290488627744686453

12 KapersCrawl the Skirmisher (level 2, -8/24 HPs)
             Began as a Demonspawn Abyssal Knight on July 15, 2019.
             Was a Follower of Lugonu.
             Mangled by a gnoll
             ... wielding a cursed -2 halberd
              (10 damage)
             ... on level 1 of the Dungeon.
             The game lasted 00:02:03 (575 turns).

KapersCrawl the Skirmisher (DsAK)                    Turns: 575, Time: 00:02:03

Health: -8/24      AC:  3    Str: 12    XL:     2   Next: 20%
Magic:  4/4        EV: 11    Int: 13    God:    Lugonu [*.....]
Gold:   35         SH:  0    Dex: 12    Spells: 1/1 levels left

rFire    . . .     SeeInvis .   a - +1 falchion
rCold    . . .     Gourm    .   (no shield)
rNeg     . . .     Faith    .   b - +0 leather armour
rPois    .         Spirit   .   (no helmet)
rElec    .         Reflect  .   (no cloak)
rCorr    .         Harm     .   (no gloves)
MR       .....                  (no boots)
Stlth    +.........             (no amulet)
HPRegen  0.08/turn              (no ring)
MPRegen  0.09/turn              (no ring)

@: no status effects
A: talons 1
a: Depart the Abyss, Renounce Religion


You were on level 1 of the Dungeon.
You worshipped Lugonu.
Lugonu was aware of your devotion.
You were not hungry.

You visited 1 branch of the dungeon, and saw 2 of its levels.
You visited the Abyss 1 time.

You collected 35 gold pieces.

Inventory:

Hand Weapons
 a - a +1 falchion (weapon)
Missiles
 e - 11 stones (quivered)
Armour
 b - a +0 leather armour (worn)
Scrolls
 g - a scroll of fog {unknown}
 h - a scroll of remove curse {unknown}
 j - a scroll of identify {unknown}
Potions
 i - a potion of agility {unknown}
Comestibles
 c - 3 rations
 f - a chunk of flesh


   Skills:
 + Level 3.1 Fighting
 + Level 2.0 Long Blades
 - Level 1.7 Armour
 + Level 1.2 Dodging
 + Level 2.8 Invocations


You had one spell level left.
You didn't know any spells.
Your spell library was empty.

Dungeon Overview and Level Annotations

Branches:
Dungeon (2/15)

Altars:


Innate Abilities, Weirdness & Mutations

You have sharp toenails.


Message History

The ooze quivers.
Found a club.
There is a stone staircase leading up here.
You climb upwards.
There is a stone staircase leading down here.
There is an open door here.
You close the door.
A gnoll opens the door.
The gnoll hits you from afar with a cursed -2 halberd.
* * * LOW HITPOINT WARNING * * *
A goblin comes into view. It is wielding a +0 dagger.
The goblin shouts!
The goblin moves out of view.
Found 6 gold pieces.
Okay, then.
Okay, then.
As you read the scroll labeled JYOFFONAKK, it crumbles to dust.
The air around you briefly surges with heat, but it dissipates.
It was a scroll of immolation.
The gnoll hits you from afar with a cursed -2 halberd!
You die...

# #.....# ##### #...≈≈§§≈≈
#.##...##.......#.....≈§§§
#...............#(.....§≈≈
####...##.......#......§..
. #...##.......#(........
#.#...#.........###......
#.#).g#......... #....§≈
#.....+......... #.....≈
###..g#.@....$.. #....§§
###...#.....###. #....§≈
#.....g....## #...≈..
#......##### .......
#......# . .......
#......# .. .......
#......#... .######
##........ # #....####


You could see a gnoll.

Vanquished Creatures
  5 bats (D:1)
  2 goblins (D:1)
  A frilled lizard (D:1)
  3 kobolds (D:1)
  2 rats (D:1)
13 creatures vanquished.

Notes
Turn   | Place    | Note
-------+----------+-------------------------------------------
     0 | Abyss:1  | KapersCrawl the Demonspawn Abyssal Knight began the quest
                  | for the Orb.
     0 | Abyss:1  | Reached XP level 1. HP: 18/18 MP: 2/2
    15 | D:1      | Escaped the Abyss
    27 | D:1      | Reached * piety under Lugonu
    31 | D:1      | Reached skill level 1 in Dodging
   409 | D:1      | Gained mutation: You have sharp toenails. [demonic
                  | ancestry]
   409 | D:1      | Reached XP level 2. HP: 23/24 MP: 4/4
   561 | D:1      | HP: 1/24 [gnoll/cursed -2 halberd (4)]
   575 | D:1      | Mangled by a gnoll

Levels and vault maps discovered:
D:1:      onia_arrival_pentagram, layout_basic, corexii_hall_statues_deadend
D:2:      layout_rooms

Skill      XL: |  1 |
---------------+----+-----
Dodging        | 1 |  1.2
Long Blades    | 2 |  2.0
Fighting       | |  3.1
Armour         | |  1.7
Invocations    | |  2.8

Action                   || total
-------------------------++-------
Melee: Falchion          ||    30
Throw: Stone             ||    23
Invok: Depart the Abyss  ||     1
  Use: Scroll            ||     1
Armor: Leather armour    ||     7
Dodge: Dodged            ||    14
       Rpst.: Falchion   ||     2

Table legend:
 A = Non-vault XP
 B = Vault XP
 C = Vault XP percentage of total XP
 D = Non-vault monster count
 E = Vault monster count
 F = Vault count percentage of total count
                 A         B        C        D         E       F
            +---------+---------+-------+---------+---------+-------
      Total |      18 |       0 |   0.0 |      13 |       0 |   0.0
            +---------+---------+-------+---------+---------+-------
        D:1 |      18 |       0 |   0.0 |      13 |       0 |   0.0
            +---------+---------+-------+---------+---------+-------
